 Dungeon Crawl Stone Soup version 0.19-a0-1922-g1e9a4c1 (webtiles) character file.

52 TheGoonsmith the Chopper (level 3, -1/31 HPs)
             Began as a Hill Orc Gladiator on Oct 24, 2016.
             Slain by a leopard gecko (2 damage)
             ... on level 2 of the Dungeon.
             The game lasted 00:01:57 (1661 turns).

TheGoonsmith the Chopper (Hill Orc Gladiator)       Turns: 1661, Time: 00:01:58

Health: -1/31      AC:  4    Str: 18    XL:     3   Next: 85%
Magic:  3/3        EV: 12    Int:  8    God:
Gold:   62         SH:  0    Dex: 11    Spells: 0 memorised, 2 levels left

rFire  . . .     SeeInvis .     a - +0 war axe
rCold  . . .     Gourm    .     b - +0 leather armour
rNeg   . . .     Faith    .     (no shield)
rPois  .         Spirit   .     c - +0 helmet
rElec  .         Reflect  .     (no cloak)
rCorr  .         Harm     .     (no gloves)
MR     .....                    (no boots)
Stlth  +.........               (no amulet)
                                (no ring)
                                (no ring)

@: no status effects
A: no striking features
a: no special abilities


You were on level 2 of the Dungeon.
You were not hungry.

You visited 1 branch of the dungeon, and saw 2 of its levels.

You collected 62 gold pieces.

Inventory:

Hand Weapons
 a - a +0 war axe (weapon)
Missiles
 d - 5 throwing nets (quivered)
Armour
 b - a +0 leather armour (worn)
 c - a +0 helmet (worn)
 l - a +0 chain mail
Wands
 j - a wand of random effects (15/48)
 k - a wand of iceblast (8/15)
Scrolls
 e - a scroll of recharging {unknown}
 g - a scroll of identify {unknown}
 h - 3 scrolls of blinking {unknown}
Potions
 i - a potion of lignification {unknown}
Comestibles
 f - a bread ration
 m - 4 chunks of flesh


   Skills:
 + Level 3.2 Fighting
 * Level 5.7 Axes
 - Level 1.7 Throwing
 - Level 2.4 Dodging


You had 2 spell levels left.
You didn't know any spells.

Dungeon Overview and Level Annotations

Branches:
Dungeon (2/15)

Altars:
Ashenzari
Yredelemnul


Message History

The leopard gecko is moderately wounded.
You hit the withered plant.
The leopard gecko bites you but does no damage.
You barely miss the leopard gecko.
The leopard gecko is moderately wounded.
You hit the withered plant but do no damage.
The leopard gecko bites you. x2
* * * LOW HITPOINT WARNING * * *
You hit the leopard gecko but do no damage.
The leopard gecko is moderately wounded.
You hit the withered plant but do no damage.
The leopard gecko bites you.
* * * LOW HITPOINT WARNING * * *
You closely miss the leopard gecko.
The leopard gecko is moderately wounded.
You hit the withered plant but do no damage.
The leopard gecko bites you.
* * * LOW HITPOINT WARNING * * *
The leopard gecko bites you.
You die...

... #.#.# # #.# ....
#)#.#.#.###.# ....
#.#.#.#[#...† .....
#.#... .#.#.#
.....#######(#.###.#.###
...................###..
....P.P............##...
....._..####.#.....#....
....P.P@# #(#.#...#..._
.......l# #.#<....#....
..##.#..# #.####.###... .
....... .....#...##..
###.#.#####.##.#..#.###
..#....##.##.#....... ##
#....##.##.##.##.##
#.................. #
#######....##.##.##..#.##


You could see a leopard gecko.

Vanquished Creatures
  An adder (D:2)
  An ooze (D:1)
  A worm (D:2)
  A leopard gecko (D:1)
  4 bats (D:1)
  3 goblins
  5 hobgoblins
  4 jackals (D:1)
  5 kobolds
  A quokka (D:2)
  4 frilled lizards
  3 rats
33 creatures vanquished.

Vanquished Creatures (others)
  2 bats (D:1)
2 creatures vanquished.

Grand Total: 35 creatures vanquished

Notes
Turn   | Place    | Note
-------+----------+-------------------------------------------
     0 | D:1      | TheGoonsmith the Hill Orc Gladiator began the quest for the Orb.
     0 | D:1      | Reached XP level 1. HP: 18/18 MP: 1/1
   287 | D:1      | Reached XP level 2. HP: 10/25 MP: 2/2
   880 | D:1      | Reached skill level 5 in Axes
  1008 | D:1      | Reached XP level 3. HP: 31/31 MP: 3/3
  1331 | D:2      | Found a shattered altar of Ashenzari.
  1595 | D:2      | Found a basalt altar of Yredelemnul.
  1661 | D:2      | HP: 1/31 [leopard gecko (4)]
  1661 | D:2      | Slain by a leopard gecko

Vault maps used:
D:1:      saegor_arrival_miasma
D:2:      lemuel_round_altar, yredelemnul_altar_generic, first_bread

Skill      XL: |  1  2 |
---------------+-------+-----
Axes           | 5 |  5.7
Fighting       | 3 |  3.2
Throwing       | |  1.7
Dodging        | |  2.4

Action                   || total
-------------------------++-------
Melee: War axe           ||   129
  Eat: Chunk             ||     3
Armor: Leather armour    ||    33
Dodge: Dodged            ||   105
